 Dungeon Sprint DCSS version 0.30-a0-830-gfe289a77b0 (webtiles) character file.

Game seed: 7653224158134144942

473 dialectric the Carver (level 6, 0/58 HPs)
             Began as a Demonspawn Berserker on Feb 28, 2023.
             Was a Priest of Trog.
             Succumbed to a water moccasin's poison
             ... in the Dungeon (Sprint II: "The Violet Keep of Menkaure").
             The game lasted 00:00:54 (330 turns).

dialectric the Carver (Demonspawn Berserker)         Turns: 330, Time: 00:00:54

Health: 0/58       AC:  2    Str: 17    XL:     6   Next: 83%
Magic:  6/6        EV: 13    Int:  9    God:    Trog [***...]
Gold:   486        SH:  0    Dex: 14    Spells: 5/5 levels left

rFire   . . .      SeeInvis .    a - +0 falchion
rCold   . . .      Faith    .    (no shield)
rNeg    . . .      Spirit   .    b - +0 animal skin
rPois   .          Reflect  .    (no helmet)
rElec   .          Harm     .    (no cloak)
rCorr   .          Rampage  .    (no gloves)
Will    .....      NoTele   +    (no boots)
Stlth   +                        (no amulet)
HPRegen 0.29/turn                (no ring)
MPRegen 0.20/turn                (no ring)

@: lethally poisoned (0 -> -34), on berserk cooldown
A: hooves 1, foul stench 1, magic regeneration
a: Renounce Religion, Berserk, Trog's Hand


You were in the Dungeon.
You worshipped Trog.
Trog was most pleased with you.
You visited 1 branch You collected 486 gold pieces.

Inventory:

Hand Weapons
 a - a +0 falchion (weapon)
Armour
 b - a +0 animal skin (worn)
Scrolls
 h - a scroll of blinking
Potions
 e - a potion of haste
 f - 2 potions of magic
 g - a potion of berserk rage


   Skills:
 - Level 9.0 Fighting
 * Level 9.9 Long Blades
 * Level 4.4 Armour
 - Level 4.2 Dodging


You had 5 spell levels left.
You didn't know any spells.
Your spell library was empty.

Dungeon Overview and Level Annotations

Branches:
Dungeon (1/1)

Altars:

Shops:
D *(:*?[=?[:!=!:*

Annotations:
D exclusions: ice statue and oklob plant, Menkaure


Innate Abilities, Weirdness & Mutations

You have large cloven feet.
You may rarely emit foul miasma when damaged in melee.
You regenerate magic rapidly.


Message History

You feel very sick. The water moccasin barely misses you.
Menkaure, Prince of Dust comes into view.
Found 81 gold pieces and a metallic blue potion.
Found Arphuip's Magic Scroll Shop and Zirhur's General Store.
* * * LOW HITPOINT WARNING * * *
You feel extremely sick. The water moccasin bites you.
* * * LOW HITPOINT WARNING * * *
The water moccasin barely misses you.
Marking area around an oklob plant as unsafe for travelling.
There is an open door here.
Unknown command.
Found an iron wand, a ring mail and a chain mail.
Found three shops.
* * * LOW HITPOINT WARNING * * *
You feel sick.
You feel much better.
You feel very sick. The water moccasin bites you!
You hit the water moccasin.
The water moccasin is lightly wounded.
You feel sick.
Menkaure shouts!
The water moccasin bites you. x2
* * * LOW HITPOINT WARNING * * *
You are lethally poisoned!
The water moccasin poisons you!
You closely miss the water moccasin.
You kick the water moccasin, but do no damage.
The water moccasin is lightly wounded.
* * * LOW HITPOINT WARNING * * *
You feel very sick. The water moccasin bites you!
* * * LOW HITPOINT WARNING * * *
You are more poisoned.
The water moccasin poisons you!
You barely miss the water moccasin. You kick the water moccasin.
The water moccasin is lightly wounded.
You die...

#########~~~...
........#~~~~.#
...⌠....#~~~M## ##
..∩.∩...#~~~~ l# #l
.∩.∩.∩..#~~# .#. ##
∩.∩.∩...#~##. #+# .##
.∩...∩.∩#~#..B##.###..#
∩.....∩@S~+ #+.<.'.##+
.......∩#~#..B##.###..#
▓▓▓▓▓▓###~##. ##†###†##
/$G######~~####†..####
[.! ##~~~#..#..# ∩P
#+#~##.#.## ~ [
#~~##'##~~~≈
##~~~~~~~~~~≈
#+++#+++#§§≈


You could see a great orb of eyes, an oklob plant, a water moccasin and
Menkaure.

Vanquished Creatures
  4 necrophages (D)
  4 scorpions (D)
8 creatures vanquished.

Notes
Turn   | Place    | Note
-------+----------+-------------------------------------------
     0 | D        | dialectric the Demonspawn Berserker began the quest for the
                  | Orb.
     0 | D        | Reached XP level 1. HP: 18/18 MP: 1/1
     1 | D        | Noticed a boulder beetle
     1 | D        | Noticed a boulder beetle
     4 | D        | Noticed a wyvern
     4 | D        | Noticed a wyvern
     7 | D        | Noticed a scorpion
     7 | D        | Noticed a scorpion
    24 | D        | Killed a scorpion
    25 | D        | Reached skill level 5 in Fighting
    25 | D        | Reached skill level 5 in Long Blades
    25 | D        | Gained mutation: You may rarely emit foul miasma when
                  | damaged in melee. [demonic ancestry]
    25 | D        | Reached XP level 2. HP: 27/27 MP: 2/2
    25 | D        | Gained mutation: You regenerate magic rapidly. [demonic
                  | ancestry]
    25 | D        | Reached XP level 3. HP: 33/33 MP: 3/3
    29 | D        | Killed a scorpion
    30 | D        | Reached XP level 4. HP: 19/40 MP: 4/4
   111 | D        | Noticed a scorpion
   111 | D        | Noticed a scorpion
   126 | D        | Killed a scorpion
   126 | D        | Reached ** piety under Trog
   127 | D        | Gained mutation: You have large cloven feet. [demonic
                  | ancestry]
   127 | D        | Reached XP level 5. HP: 13/48 MP: 5/5
   293 | D        | Reached XP level 6. HP: 58/58 MP: 6/6
   298 | D        | Reached *** piety under Trog
   314 | D        | Noticed an ice statue
   317 | D        | Found Erhuc's Assorted Antiques.
   318 | D        | Found Urigiep's Distillery.
   318 | D        | Found Teomakei's Book Boutique.
   319 | D        | Found Pikat's Jewellery Shop.
   319 | D        | Noticed a water moccasin
   320 | D        | Found Zoll's Book Boutique.
   320 | D        | Found Uvaotot's Distillery.
   321 | D        | Found Ceoc's Magic Scroll Shop.
   321 | D        | Found Niegeniv's Antique Armour Shop.
   322 | D        | Found Vemiaxt Dama's Jewellery Shop.
   322 | D        | Found Quoluawn's Antique Armour Boutique.
   325 | D        | Found Arphuip's Magic Scroll Shop.
   325 | D        | Found Zirhur's General Store.
   325 | D        | Noticed Menkaure
   325 | D        | Noticed a great orb of eyes
   325 | D        | Noticed an oklob plant
   326 | D        | Found Doamum's Antique Weapon Shop.
   326 | D        | Found Tibriop's Assorted Antiques.
   326 | D        | Found Buap's Book Shoppe.
   330 | D        | Succumbed to a water moccasin's poison

Illustrated notes

Levels and vault maps discovered:
D:        the_violet_keep_of_menkaure [sprint2_stairs_cluster_1,
          sprint2_shoproom, sprint2_temple, sprint2_basic_supplies,
          sprint2_obstacle_2, sprint2_obstacle_6, sprint2_obstacle_7,
          sprint2_obstacle_3, sprint2_obstacle_5, sprint2_timed_cluster_1,
          sprint2_smallroom_cluster_1, sprint2_smallroom_final_cluster_1,
          sprint2_transparent_cluster_1, sprint2_second_timed_cluster_1,
          sprint2_sniper_area_1, sprint2_heavy_combat_area_1,
          sprint2_mutation_trap_area_1, sprint2_forest_area_1,
          sprint2_light_combat_area_1, sprint2_behind_water_1,
          sprint2_near_end_vault_1]

Skill      XL: |  1  2  3  4  5  6 |
---------------+-------------------+-----
Fighting       | 5 6 7 9 |  9.0
Long Blades    | 5 6 7 9 |  9.9
Armour         | 2 3 4 |  4.4
Dodging        | 2 3 4 |  4.2

Action                     |  1- 3 |  4- 6 || total
---------------------------+-------+-------++-------
  Melee: Falchion          |    21 |    30 ||    51
         Kick              |       |     9 ||     9
 Invoke: Berserk           |     1 |     1 ||     2
    Use: Potion            |       |     2 ||     2
 Armour: Animal skin       |     1 |     5 ||     6
  Dodge: Dodged            |    15 |    29 ||    44

Table legend: (Time is in decaauts)
 A = Elapsed time spent in this place.
 B = Non-inter-level travel time spent in this place.
 C = Inter-level travel time spent in this place.
 D = Time resting spent in this place.
 E = Time spent auto-exploring this place.
 F = Levels seen in this place.
 G = Mean time per level.
                   A        B        C        D        E       F      G
               +--------+--------+--------+--------+--------+-----+--------+
         Total |    346 |    346 |      0 |    234 |      0 |   1 |  346.0 |
       Dungeon |    346 |    346 |      0 |    234 |      0 |   1 |  346.0 |
               +--------+--------+--------+--------+--------+-----+--------+

Top non-repeatable levels by time:
       D: 346 daAuts
